 Dungeon Crawl Stone Soup version 0.29-a0-397-g846e4a0bbc (webtiles) character file.

Game seed: 9222474780746650198

14192 loir the Fighter (level 12, -23/98 HPs)
             Began as a Djinni Fire Elementalist on May 11, 2022.
             Was an Elder of Makhleb.
             Annihilated by a boulder beetle (54 damage)
             ... on level 11 of the Dungeon.
             The game lasted 01:27:51 (14178 turns).

loir the Fighter (Djinni Fire Elementalist)        Turns: 14178, Time: 01:27:51

Health: -23/98     AC:  9    Str:  7    XL:     12   Next: 42%
Gold:   365        EV: 15    Int: 23    God:    Makhleb [****..] SH:  5 Dex: 15

rFire   + + .      SeeInvis .   R - +9 dagger of Mutilation {spect, rElec}
rCold   x . .      Faith    .   (no shield)
rNeg    + . .      Spirit   .   j - +0 troll leather armour
rPois   ∞          Reflect  +   g - +0 helmet "Ubbiugg" {rN+ Will+}
rElec   +          Harm     .   y - +0 cloak
rCorr   .          Rampage  .   h - +2 pair of gloves of Sorcery {+Blink rPois rC- Dex+2}
Will    ++...                   (boots unavailable)
Stlth   ++........              E - amulet of reflection
HPRegen 1.06/turn               J - ring of protection from cold
MPRegen 0.00/turn               c - +4 ring of evasion

@: flying
A: sickness immunity, fire resistance 2, cold vulnerability 1, float, innate
caster, HP casting, extra vitality 1
a: Renounce Religion, Evoke Blink, Minor Destruction, Lesser Servant of Makhleb,
Major Destruction


You were on level 11 of the Dungeon.
You worshipped Makhleb.
Makhleb was greatly pleased with you.
You visited 1 branch of the dungeon, and saw 11 of its levels.

You collected 665 gold pieces.
You spent 300 gold pieces at shops.

Inventory:

Hand Weapons
 p - a +3 hand axe of freezing
 v - a +2 dagger of draining
 C - a +3 dagger
 D - the +4 long sword of Xom's Hope {vorpal, Int+3}
   (You found it on level 11 of the Dungeon)

   It inflicts extra damage upon your enemies.
   Int:       It affects your intelligence (+3).
 K - the +7 short sword of the Bursting Messenger {vorpal, Will+}
   (You found it on level 6 of the Dungeon)

   It inflicts extra damage upon your enemies.
   Will:      It increases your willpower.
 M - a +2 short sword of draining
 R - the +9 dagger of Mutilation (weapon) {spect, rElec}
   (You found it on level 8 of the Dungeon)

   When its wielder attacks, the weapon's spirit leaps out and strikes again.
   The spirit shares a part of any damage it takes with its wielder.
   rElec:     It insulates you from electricity.
Missiles
 d - 382 stones
 o - 3 atropa-tipped darts
 q - 35 poisoned darts
 s - 2 throwing nets
 B - 15 boomerangs
 U - a curare-tipped dart
Armour
 a - a +1 robe
 g - the +0 helmet "Ubbiugg" (worn) {rN+ Will+}
   (You found it on level 7 of the Dungeon)

   rN:        It protects you from negative energy.
   Will:      It increases your willpower.
 h - the +2 pair of gloves of Sorcery (worn) {+Blink rPois rC- Dex+2}
   (You acquired it on level 2 of the Dungeon)

   Dex:       It affects your dexterity (+2).
   rC:        It makes you vulnerable to cold.
   rPois:     It protects you from poison.
   +Blink:    It lets you blink.
 j - a +0 troll leather armour (worn)
 y - a +0 cloak (worn)
 V - +0 steam dragon scales
Jewellery
 c - a +4 ring of evasion (right hand)
 f - a +4 ring of evasion
 t - a ring of wizardry
 E - an amulet of reflection (around neck)
 F - a ring of protection from fire
 H - an amulet of the acrobat
 J - a ring of protection from cold (left hand)
 L - a +4 ring of protection
 N - a ring of ice
Wands
 x - a wand of flame (62)
 O - a wand of iceblast (12)
 S - a wand of acid (3)
Scrolls
 m - 4 scrolls of teleportation
 n - a scroll of fog
 r - a scroll of summoning
 u - 4 scrolls of magic mapping
 z - a scroll of blinking
 P - 3 scrolls of fear
 Q - 2 scrolls of enchant weapon
 T - a scroll of poison
Potions
 b - 3 potions of mutation
 e - 3 potions of resistance
 i - a potion of berserk rage
 k - a potion of brilliance {unknown}
 l - 4 potions of curing
 w - 2 potions of cancellation
 A - 3 potions of haste
 G - 2 potions of degeneration {unknown}
 I - a potion of might {unknown}
 W - a potion of heal wounds


   Skills:
 * Level 13.3 Fighting
 - Level 2.1 Dodging
 - Level 1.5 Stealth
 * Level 11.6 Spellcasting
 + Level 3.0 Invocations


You had 8 spell levels left.
You knew the following spells:

 Your Spells              Type           Power      Damage    Failure   Level
a - Foxfire               Conj/Fire      100%       2x1d9     1%          1
b - Scorch                Fire           100%       2d10      1%          2
c - Conjure Flame         Conj/Fire      61%        6-21      1%          3
d - Inner Flame           Hex/Fire       61%        N/A       1%          3
e - Flame Wave            Conj/Fire      61%        2d12      1%          4
f - Beastly Appendage     Tmut           100%       N/A       1%          1
g - Wereblood             Tmut           61%        N/A       1%          2
h - Gell's Gravitas       Tloc           61%        N/A       1%          3
i - Vampiric Draining     Necr           61%        2d10      1%          3
j - Airstrike             Air            30%        N/A       1%          4
Your spell library was empty.

Dungeon Overview and Level Annotations

Branches:
Dungeon (11/15)            Temple (0/1) D:6            Lair (0/6) D:11
    Orc (0/2) D:9

Altars:
Ashenzari
Cheibriados
Elyvilon
Fedhas
Gozag
Kikubaaqudgha
Makhleb
Nemelex Xobeh
Ru
Sif Muna
Uskayaw
Vehumet
Xom
Yredelemnul

Shops:
D:5 !=   D:11 [

Annotations:
D:3 Edmund


Innate Abilities, Weirdness & Mutations

You are immune to sickness and miasma.
You are immune to poison.
Your flesh is very heat resistant. (rF++)
You are vulnerable to cold. (rC-)
You float through the air rather than walking.
You learn spells naturally, not from books.
Your magical power is your life essence.
You have superior vitality. (+4 MHP)


Message History

The boulder beetle is engulfed in a cloud of scalding steam.
The foxfire hits the boulder beetle.
The boulder beetle is lightly wounded.
The foxfire hits the boulder beetle.
The boulder beetle is lightly wounded.
Casting: Foxfire (safe; 1% risk of failure)
Press: ? - help, Q - select action, (/) - cycle Dir - look around, f - activate You conjure some foxfire!
The foxfire hits the boulder beetle but does no damage.
The boulder beetle is lightly wounded.
The foxfire hits the boulder beetle but does no damage.
The boulder beetle is lightly wounded.
The foxfire hits the boulder beetle but does no damage.
The boulder beetle is lightly wounded.
The foxfire hits the boulder beetle but does no damage.
The boulder beetle is lightly wounded.
The boulder beetle hits you!!!
The boulder beetle stops rolling and uncurls.
The boulder beetle attacks as you move away!
The boulder beetle bites you!
The boulder beetle curls into a ball and begins rolling!
The boulder beetle hits you!!
* * * LOW HITPOINT WARNING * * *
The boulder beetle stops rolling and uncurls.
Casting: Foxfire (safe; 1% risk of failure)
Confirm with . or Enter, or press ? or * to list all spells.
Flames lash the boulder beetle.
The boulder beetle is lightly wounded.
The boulder beetle's fire resistance burns away.
* * * LOW HITPOINT WARNING * * *
The boulder beetle misses you.
You fail to use your ability.
The boulder beetle closely misses you.
You fail to use your ability.
The boulder beetle closely misses you.
You blink.
The boulder beetle is no longer more vulnerable to fire.
The boulder beetle curls into a ball and begins rolling!
You feel stable enough to blink again. The boulder beetle hits you!!!
Ouch! That really hurt!
You die...

.....##
#.##.#.#####.####
#.#.#.
#.#..........≈≈≈≈
......
##....≈.†(≈..≈≈≈≈≈ .#
#. #.....≈.≈..≈≈≈≈≈≈≈
#.##...≈≈≈.≈≈≈≈≈≈≈
#.##...≈≈≈≈.≈≈≈≈≈≈
#.##..≈≈≈≈≈≈≈≈≈≈.≈
#<##..≈≈≈≈≈≈≈≈....
#@.#............>. #
##B#...≈≈≈≈≈.≈≈...
##.##○#.....≈≈≈≈...≈.
#.....°..≈≈≈≈≈≈≈≈≈..≈
#..##..°..≈≈≈≈≈≈≈≈≈≈≈
#..##.#.....≈≈..≈≈.≈≈
#.................≈≈.
.#####..........††..
####..########.


You could see a boulder beetle (rolling).

Vanquished Creatures
  Pikel (D:7)
  A manticore (D:11)
  A cyclops (D:11)
  A spectral centaur (D:11)
  A centaur skeleton (D:11)
  2 centaur zombies (D:11)
  A gargoyle (D:11)
  A kobold demonologist (D:9)
  4 trolls (D:11)
  A hornet (D:9)
  A shadow (D:10)
  A wraith (D:11)
  15 yaks
  A wyvern (D:7)
  Eustachio (D:4)
  A steam dragon (D:9)
  Menkaure (D:5)
  7 vampire mosquitoes (D:11)
  A warg (D:9)
  2 acid dragons
  Duvessa (D:4)
  3 water moccasins
  4 orc warriors
  2 black bears
  A sky beast (D:4)
  2 ogres
  3 wolves (D:11)
  5 centaurs
  2 phantoms (D:5)
  2 kobold brigands
  A lemure (D:7)
  Blork the orc (D:4)
  3 bullfrogs
  5 scorpions
  2 necrophages (D:5)
  A gnoll sergeant (D:9)
  6 wights
  Dowan (D:4)
  17 killer bees
  3 jellies
  4 howler monkeys
  4 electric eels (D:11)
  8 orc priests
  9 hounds
  5 iguanas
  An iron imp (D:9)
  Jessica (D:3)
  12 orc wizards
  A howler monkey zombie (D:11)
  10 gnolls
  11 adders
  A shadow imp (D:6)
  A white imp (D:6)
  2 ufetubi
  3 worms
  3 dart slugs
  37 orcs
  5 bats
  7 endoplasms
  2 giant cockroaches
  12 goblins
  9 hobgoblins
  A jackal (D:1)
  13 kobolds
  6 quokkas
  3 ball pythons
  6 frilled lizards
  5 rats
  2 butterflies (D:6)
294 creatures vanquished.

Vanquished Creatures (collateral kills)
  2 foxfires (D:6)
2 creatures vanquished.

Vanquished Creatures (others)
  656 foxfires
  6 fungi (D:2)
  2 plants (D:2)
664 creatures vanquished.

Grand Total: 960 creatures vanquished

Notes
Turn   | Place    | Note
-------+----------+-------------------------------------------
     0 | D:1      | loir the Djinni Fire Elementalist began the quest for the
                  | Orb.
     0 | D:1      | Reached XP level 1. HP: 15/15 MP: 0/0
   371 | D:1      | Reached XP level 2. HP: 21/22 MP: 0/0
   517 | D:1      | Reached skill level 1 in Fighting
   844 | D:1      | Reached XP level 3. HP: 24/27 MP: 0/0
   844 | D:1      | Learned a level 1 spell: Beastly Appendage
  1683 | D:2      | Found a sacrificial altar of Ru.
  1824 | D:2      | Reached XP level 4. HP: 27/32 MP: 0/0
  1882 | D:2      | Identified a scroll of acquirement
  1882 | D:2      | Acquired the +2 pair of gloves of Sorcery {+Blink rPois rC-
                  | Dex+2}
  2240 | D:2      | Reached skill level 2 in Fighting
  2240 | D:2      | Reached XP level 5. HP: 30/38 MP: 0/0
  2240 | D:2      | Learned a level 2 spell: Wereblood
  2504 | D:2      | Found a faded altar of an unknown god.
  3394 | D:3      | Reached XP level 6. HP: 43/45 MP: 0/0
  3454 | D:3      | Reached skill level 9 in Fighting
  3454 | D:3      | Reached XP level 7. HP: 61/61 MP: 0/0
  3454 | D:3      | Learned a level 3 spell: Gell's Gravitas
  3456 | D:3      | Found an opulent altar of Gozag.
  3653 | D:3      | Noticed Jessica
  3656 | D:3      | Killed Jessica
  4029 | D:3      | Found a burning altar of Makhleb.
  4034 | D:3      | Became a worshipper of Makhleb the Destroyer
  4080 | D:4      | Noticed Edmund
  4091 | D:3      | HP: 2/61 [Edmund/+0 vorpal dire flail (2)]
  4710 | D:4      | Noticed Duvessa
  4716 | D:4      | Killed Duvessa
  4716 | D:4      | Noticed Dowan
  4718 | D:4      | Killed Dowan
  4831 | D:4      | Reached XP level 8. HP: 65/68 MP: 0/0
  4844 | D:4      | Noticed Eustachio
  4849 | D:4      | Killed Eustachio
  5067 | D:4      | Found a hide-covered altar of Uskayaw.
  5355 | D:4      | Reached * piety under Makhleb
  5466 | D:4      | Noticed Blork the orc
  5471 | D:4      | Killed Blork the orc
  5527 | D:4      | Reached skill level 10 in Fighting
  5527 | D:4      | Reached XP level 9. HP: 69/74 MP: 0/0
  5527 | D:4      | Learned a level 3 spell: Vampiric Draining
  5987 | D:5      | Entered Level 5 of the Dungeon
  6076 | D:5      | Found Nuoler's Jewellery Emporium.
  6204 | D:5      | Found a sparkling altar of Nemelex Xobeh.
  6329 | D:5      | Noticed Menkaure
  6337 | D:5      | Killed Menkaure
  6455 | D:5      | You are sucked into a shaft and drop 1 floor!
  6455 | D:6      | Found a shimmering altar of Xom.
  6455 | D:6      | Found a staircase to the Ecumenical Temple.
  6500 | D:5      | Found Waekeqec's Distillery.
  6503 | D:5      | Reached ** piety under Makhleb
  6875 | D:6      | Found a broken altar of Ashenzari.
  7015 | D:5      | Bought a ring of protection from cold for 300 gold pieces
  7116 | D:6      | Identified the +7 short sword of the Bursting Messenger
                  | {vorpal, Will+}
  7429 | D:7      | Reached XP level 10. HP: 78/81 MP: 0/0
  7487 | D:7      | Noticed Pikel
  7501 | D:7      | HP: 4/81 [Pikel/iceblast (18)]
  7503 | D:7      | Killed Pikel
  8035 | D:7      | Reached skill level 10 in Spellcasting
  8048 | D:7      | Identified the +0 helmet "Ubbiugg" {rN+ Will+}
  8728 | D:7      | Reached skill level 11 in Fighting
  9254 | D:8      | Found a flagged portal.
  9843 | D:8      | Identified the +9 dagger of Mutilation {spect, rElec}
 10203 | D:9      | Found a snail-covered altar of Cheibriados.
 10224 | D:9      | Reached XP level 11. HP: 49/87 MP: 0/0
 10224 | D:9      | Learned a level 4 spell: Airstrike
 10842 | D:9      | Reached *** piety under Makhleb
 10940 | D:9      | Found a basalt altar of Yredelemnul.
 11223 | D:9      | Found a staircase to the Orcish Mines.
 12011 | D:9      | Reached skill level 12 in Fighting
 12110 | D:9      | Found a blossoming altar of Fedhas.
 12297 | D:10     | Entered Level 10 of the Dungeon
 12635 | D:10     | Reached **** piety under Makhleb
 12999 | D:10     | Found a white marble altar of Elyvilon.
 13422 | D:11     | Reached skill level 1 in Invocations
 13526 | D:11     | Found Asohojov's Antique Armour Emporium.
 13588 | D:11     | Reached XP level 12. HP: 57/96 MP: 0/0
 13921 | D:11     | Reached skill level 13 in Fighting
 14035 | D:11     | Found a staircase to the Lair.
 14059 | D:11     | Identified the +4 long sword of Xom's Hope {vorpal, Int+3}
 14121 | D:11     | Noticed a boulder beetle
 14178 | D:11     | Annihilated by a boulder beetle

Illustrated notes

Levels and vault maps discovered:
D:1:      dpeg_arrival_brainrot, layout_loops_ring
D:2:      minmay_spotlight, layout_basic, shapermc_ecumenical_altar_hornbeckon,
          basic_altar, kennysheep_generic_room_4
D:3:      layout_rooms, lightli_temple_of_fire,
          nicolae_gozag_cash_rules_everything_around_me, uniq_jessica
D:4:      layout_loops_corners, general_overflow_altar, dk_rats_in_the_wall,
          uniq_duvessa, uniq_eustachio, uniq_edmund, uniq_blork_the_orc
D:5:      layout_gridville, mainiacjoe_overflow_concentric_impassable,
          serial_shops, nicolae_shop_hallway_stairs, kennysheep_mini_moat,
          minmay_misc_feat_ornament, uniq_menkaure
D:6:      layout_cave_pools, lemuel_crystal_altar, xom_butterflies,
          minmay_temple_entry_overgrown, chequers_serial_rivers_micro_d,
          corexii_checkpoint_a
D:7:      layout_loops_corners, grunt_temple_overflow_magic_moments, uniq_pikel
D:8:      layout_basic, enter_bailey_2
D:9:      layout_long_grid, slow_altar_1, overflow_temple_1_default,
          fedhas_bush_and_centaur_altar, erik_orc_3
D:10:     layout_roguey, lemuel_coloured_pillars_altar, st_stairs_13
D:11:     layout_loops_ring, erik_lair_island, serial_shops, shop,
          hangedman_weighted_door, small_chamber_with_monster, st_stairs_2

Skill      XL: |  1  2  3  4  5  6  7  8  9 10 11 12 |
---------------+-------------------------------------+-----
Fighting       | 1 2 9 10 11 12 13 | 13.3
Spellcasting   | 3 4 8 9 10 11 | 11.6
Invocations    | 1 3 |  3.0
Dodging        | |  2.1
Stealth        | |  1.5

Action                   |  1- 3 |  4- 6 |  7- 9 | 10-12 || total
-------------------------+-------+-------+-------+-------++-------
 Cast: Foxfire           |    58 |    52 |   152 |   134 ||   396
       Scorch            |     4 |     6 |    59 |   207 ||   276
       Beastly Appendage |       |     2 |     1 |       ||     3
       Gell's Gravitas   |       |       |     5 |     9 ||    14
       Inner Flame       |       |       |     2 |    11 ||    13
       Conjure Flame     |       |       |     4 |    10 ||    14
       Airstrike         |       |       |       |    34 ||    34
 Abil: Evoke Blink       |       |       |       |     3 ||     3
Evoke: Wand              |       |       |       |     3 ||     3
  Use: Scroll            |     3 |     7 |     8 |     8 ||    26
       Potion            |       |     1 |     1 |     4 ||     6
Armor: Robe              |       |     3 |    13 |    17 ||    33
       Troll leather arm |       |       |       |    10 ||    10
Dodge: Dodged            |     1 |    17 |    27 |    81 ||   126
Block: Other             |       |       |       |    31 ||    31
       Reflection        |       |       |       |     4 ||     4

Table legend: (Time is in decaauts)
 A = Elapsed time spent in this place.
 B = Non-inter-level travel time spent in this place.
 C = Inter-level travel time spent in this place.
 D = Time resting spent in this place.
 E = Time spent auto-exploring this place.
 F = Levels seen in this place.
 G = Mean time per level.
                   A        B        C        D        E       F      G
               +--------+--------+--------+--------+--------+-----+--------+
         Total |  14178 |  13593 |    585 |   3045 |   8565 |  11 | 1288.9 |
       Dungeon |  14178 |  13593 |    585 |   3045 |   8565 |  11 | 1288.9 |
               +--------+--------+--------+--------+--------+-----+--------+

Top non-repeatable levels by time:
     D:9: 1796 daAuts
     D:7: 1773 daAuts
     D:2: 1595 daAuts
     D:4: 1573 daAuts
     D:1: 1491 daAuts
     D:3: 1327 daAuts
     D:8: 1304 daAuts
    D:11: 1091 daAuts
     D:5: 885 daAuts
    D:10: 788 daAuts
     D:6: 549 daAuts
